 Dungeon Crawl Stone Soup version 0.24-a0-91-g4e4936a (webtiles) character file.

Game seed: 67648828444061735

91 Borgoz the Stinger (level 4, -6/32 HPs)
             Began as a Mummy Venom Mage on Feb 9, 2019.
             Was an Initiate of Ashenzari.
             Mangled by a wyvern zombie (10 damage)
             ... on level 3 of the Dungeon.
             The game lasted 00:07:48 (3352 turns).

Borgoz the Stinger (Mummy Venom Mage)               Turns: 3352, Time: 00:07:49

Health: -6/32      AC:  2    Str: 11    XL:     4   Next: 33%
Magic:  8/8        EV: 12    Int: 14    God:    Ashenzari [......]
Gold:   123        SH:  0    Dex: 13    Spells: 4/8 levels left

rFire    x . .     SeeInvis .   a - +0 dagger
rCold    + . .     Gourm    .   (no shield)
rNeg     + + +     Faith    .   e - +0 robe (curse)
rPois    ∞         Spirit   .   (no helmet)
rElec    .         Reflect  .   (no cloak)
rCorr    .         Harm     .   (no gloves)
MR       .....                  (no boots)
Stlth    ++........             (no amulet)
HPRegen  0.10/turn              (no ring)
MPRegen  0.11/turn              (no ring)

@: no status effects
A: no food or potions, fire vulnerability, cold resistance 1, negative energy
resistance 3, torment resistance, unbreathing
a: Curse Item, Renounce Religion


You were on level 3 of the Dungeon.
You worshipped Ashenzari.
Ashenzari was noncommittal.
You were not hungry.

You visited 1 branch of the dungeon, and saw 3 of its levels.

You collected 123 gold pieces.

Inventory:

Hand Weapons
 a - a +0 dagger (weapon)
Armour
 c - a +0 robe
 e - a cursed +0 robe (worn)
 f - a +0 animal skin
 g - a +0 helmet
Scrolls
 b - 2 scrolls of identify
 d - a scroll of magic mapping


   Skills:
 + Level 1.1 Fighting
 * Level 1.5 Short Blades
 - Level 0.2 Armour
 + Level 1.9 Dodging
 + Level 2.1 Stealth
 - Level 2.7 Spellcasting
 + Level 1.3 Conjurations
 + Level 2.8 Poison Magic


You had 4 spell levels left.
You knew the following spells:

 Your Spells              Type           Power        Failure   Level  Hunger
a - Sting                 Conj/Pois      #...         10%         1    N/A
b - Mephitic Cloud        Conj/Pois/Air  #.......     36%         3    N/A

Your spell library contained the following spells:

 Spells                   Type           Power        Failure   Level  Hunger
 Poisonous Vapours        Pois/Air       #.....       19%         2    N/A
 Olgreb's Toxic Radiance  Pois           #.......     56%         4    N/A
 Venom Bolt               Conj/Pois      #.........   95%         5    N/A

Dungeon Overview and Level Annotations

Branches:
Dungeon (3/15)

Altars:
Ashenzari
Qazlal


Innate Abilities, Weirdness & Mutations

You do not eat or drink.
Your flesh is vulnerable to fire.
You are immune to poison.
Your flesh is cold resistant. (rC+)
You are immune to negative energy. (rN+++)
You are immune to unholy pain and torment.
You can survive without breathing.


Message History

The wyvern zombie is lightly damaged.
The wyvern zombie barely misses you.
You hit the wyvern zombie.
The wyvern zombie is lightly damaged.
The wyvern zombie bites you. x2
You hit the wyvern zombie.
The wyvern zombie is lightly damaged.
The wyvern zombie bites you!
* * * LOW HITPOINT WARNING * * *
You hit the wyvern zombie but do no damage.
The wyvern zombie is lightly damaged.
The wyvern zombie bites you.
* * * LOW HITPOINT WARNING * * *
You hit the wyvern zombie.
The wyvern zombie is lightly damaged.
The wyvern zombie barely misses you.
You hit the wyvern zombie.
The wyvern zombie is moderately damaged.
The wyvern zombie bites you!
You die...

###### ######
#..... ## #....#
#..... .. #....#
#..... #.
#....########.....
#.
#....÷....[.<.....
#.
#....####.........
###+##? #....#
#........#
.......##@...#
####.....#
........Z#......(.
#....)#
.$....##.#########
#.....# ..... ..o.
#.....# .###
##.##.. #######
..# ..S ### .Z .


You could see a wyvern zombie.

Vanquished Creatures
  Robin (D:1)
  A worm (D:3)
  2 dart slugs (D:1)
  3 leopard geckos
  2 orcs
  A ball python (D:2)
  8 bats
  5 giant cockroaches
  12 goblins
  6 hobgoblins
  8 jackals
  A quokka (D:3)
  3 frilled lizards
  3 kobolds
  3 rats
59 creatures vanquished.

Notes
Turn   | Place    | Note
-------+----------+-------------------------------------------
     0 | D:1      | Borgoz the Mummy Venom Mage began the quest for the Orb.
     0 | D:1      | Reached XP level 1. HP: 13/13 MP: 4/4
   380 | D:1      | Reached skill level 1 in Conjurations
   380 | D:1      | Reached XP level 2. HP: 19/19 MP: 5/5
   746 | D:2      | Noticed Robin
  1029 | D:1      | Killed Robin
  1029 | D:1      | Reached XP level 3. HP: 25/25 MP: 2/7
  1088 | D:2      | Reached skill level 1 in Short Blades
  1472 | D:2      | Learned a level 3 spell: Mephitic Cloud
  1713 | D:2      | Found a shattered altar of Ashenzari.
  1758 | D:2      | Became a worshipper of Ashenzari the Shackled
  2217 | D:2      | Reached skill level 1 in Fighting
  2500 | D:2      | Reached XP level 4. HP: 21/32 MP: 3/8
  2965 | D:3      | Found a stormy altar of Qazlal.
  3352 | D:3      | Mangled by a wyvern zombie

Levels and vault maps discovered:
D:1:      erik_arrival_triangle_large, layout_basic
D:2:      layout_loops_ring, evilmike_ruin_ashenzari, minmay_goblin_outpost,
          uniq_robin
D:3:      layout_basic, lightli_temple_of_fire, nicolae_qazlal_eye_of_the_storm

Skill      XL: |  1  2  3 |
---------------+----------+-----
Conjurations   | 1 |  1.3
Short Blades   | 1 |  1.5
Stealth        | 2 |  2.1
Fighting       | 1 |  1.1
Armour         | |  0.2
Dodging        | |  1.9
Spellcasting   | |  2.7
Poison Magic   | |  2.8

Action                   |  1- 3 |  4- 6 || total
-------------------------+-------+-------++-------
Melee: Dagger            |   175 |    53 ||   228
       Unarmed           |     8 |       ||     8
 Cast: Sting             |    29 |    24 ||    53
  Use: Scroll            |     1 |       ||     1
 Stab: Sleeping          |     4 |       ||     4
Armor: Robe              |    59 |    16 ||    75
Dodge: Dodged            |   162 |    55 ||   217

Table legend:
 A = Non-vault XP
 B = Vault XP
 C = Vault XP percentage of total XP
 D = Non-vault monster count
 E = Vault monster count
 F = Vault count percentage of total count
                 A         B        C        D         E       F
            +---------+---------+-------+---------+---------+-------
      Total |      94 |      36 |  27.7 |      47 |      12 |  20.3
            +---------+---------+-------+---------+---------+-------
        D:1 |      25 |      17 |  40.5 |      13 |       2 |  13.3
        D:2 |      46 |      19 |  29.2 |      25 |      10 |  28.6
        D:3 |      23 |       0 |   0.0 |       9 |       0 |   0.0
            +---------+---------+-------+---------+---------+-------
